 259 Aisha the Firebug (level 6, 0/36 HPs)
             Began as an Octopode Fire Elementalist on Sept 28, 2019.
             Slain by an orc
             ... wielding a +0 club
              (6 damage)
             ... on level 4 of the Dungeon.
             The game lasted 00:06:24 (3224 turns).

Aisha the Firebug (Octopode Fire Elementalist)      Turns: 3224, Time: 00:06:25

Health: 0/36       AC:  1    Str:  7    XL:     6   Next: 17%
Magic:  9/10       EV: 13    Int: 19    God:
Gold:   198        SH:  0    Dex: 13    Spells: 1/11 levels left

rFire    . . .     SeeInvis .   a - +1 dagger (flame)
rCold    . . .     Gourm    .   (no shield)
rNeg     . . .     Faith    .   (helmet restricted)
rPois    .         Spirit   .   (no amulet)
rElec    .         Reflect  .   (no ring)
rCorr    .         Harm     .   (no ring)
MR       .....                  (no ring)
Stlth    +++.......             (no ring)
HPRegen  0.12/turn              (no ring)
MPRegen  0.12/turn              (no ring)
                                (no ring)
                                (no ring)

@: no status effects
A: almost no armour, stealthy swim, amphibious, 8 rings, constrict 8, camouflage
1, gelatinous body 1
a: no special abilities


Innate Abilities, Weirdness & Mutations

You cannot wear most types of armour.
You are very stealthy in the water. (Stealth+)
You are amphibious.
You can wear up to eight rings at the same time.
You can use your tentacles to constrict eight enemies at once.
Your skin changes colour to match your surroundings (Stealth+).
Your rubbery body absorbs attacks. (AC +1, EV +1)


   Skills:
 - Level 2.0 Dodging
 - Level 2.6 Stealth
 + Level 3.1 Spellcasting
 * Level 3.7 Conjurations
 * Level 4.8 Fire Magic


You had one spell level left.
You knew the following spells:

 Your Spells              Type           Power        Failure   Level  Hunger
c - Conjure Flame         Conj/Fire      ###.....     8%          3    ###....
f - Throw Flame           Conj/Fire      ###...       4%          2    ##.....
y - Sticky Flame          Conj/Fire      ###.....     26%         4    ####...
z - Flame Tongue          Conj/Fire      ###..        2%          1    None

Your spell library contained the following spells:

 Spells                   Type           Power        Failure   Level  Hunger
 Inner Flame              Hex/Fire       ##......     17%         3    ###....
 Fireball                 Conj/Fire      ###.......   58%         5    ######.

Inventory:

Hand Weapons
 a - a +1 dagger of flaming (weapon)
Jewellery
 n - an uncursed amulet of guardian spirit {unknown}
Scrolls
 c - 4 scrolls of immolation {unknown}
 f - 2 scrolls of enchant weapon {unknown}
 g - 2 scrolls of remove curse {unknown}
 h - 2 scrolls of identify {unknown}
 i - 2 scrolls of random uselessness {unknown}
 k - a scroll of amnesia {unknown}
 m - a scroll of teleportation {unknown}
 q - a scroll of fog {unknown}
Potions
 d - a potion of ambrosia {unknown}
 e - a potion of resistance {unknown}
 j - 3 potions of brilliance {unknown}
 l - 2 potions of degeneration {unknown}
 o - a potion of curing {unknown}
Comestibles
 b - 7 rations {@e1}


Message History

Aim: an orc wizard, wielding a +0 dagger and wearing a +0 robe The puff of flame hits the orc wizard!
The orc wizard is heavily wounded.
The orc wizard mumbles some strange words.
The orc wizard flickers and vanishes!
Deactivating autopickup; reactivate with Ctrl-A.
All of the chunks of flesh in your inventory have rotted away.
A puff of flame appears from out of thin air!
The puff of flame hits you!
* * * LOW HITPOINT WARNING * * *
A puff of flame appears from out of thin air!
The puff of flame misses you.
The orc shouts!
Something barely misses you.
You barely miss something. Something hits you but does no damage.
You closely miss something. Something hits you.
* * * LOW HITPOINT WARNING * * *
You hit something. You burn something. Something hits you but does no damage.
Unknown command.
You hit something but do no damage. Something hits you.
* * * LOW HITPOINT WARNING * * *
The orc completely misses you.
Unknown command.
You barely miss something. Something hits you but does no damage.
Unknown command.
You miss something. The orc hits you but does no damage.
Something completely misses you.
Unknown command.
You closely miss something. The orc hits you with a +0 club.
You die...

Skill      XL: |  1  2  3  4  5 |
---------------+----------------+-----
Conjurations   | 2 3 |  3.7
Fire Magic     | 4 |  4.8
Spellcasting   | 3 |  3.1
Dodging        | |  2.0
Stealth        | |  2.6

Action                   |  1- 3 |  4- 6 || total
-------------------------+-------+-------++-------
Melee: Dagger            |    50 |    45 ||    95
       Constrict         |    13 |     9 ||    22
       Tentacles         |     4 |     6 ||    10
 Cast: Flame Tongue      |    14 |    23 ||    37
       Throw Flame       |     5 |    14 ||    19
       Conjure Flame     |       |     1 ||     1
 Stab: Sleeping          |    12 |     5 ||    17
       Distracted        |       |     1 ||     1
  Eat: Chunk             |     3 |     5 ||     8
Armor: Skin              |     1 |     3 ||     4
Dodge: Dodged            |    25 |    22 ||    47

Notes
Turn   | Place    | Note
-------+----------+-------------------------------------------
     0 | D:1      | Aisha the Octopode Fire Elementalist began the quest for
                  | the Orb.
     0 | D:1      | Reached XP level 1. HP: 11/11 MP: 3/3
   255 | D:1      | Reached XP level 2. HP: 14/17 MP: 5/5
   861 | D:2      | Reached XP level 3. HP: 18/21 MP: 3/6
   865 | D:2      | Learned a level 2 spell: Throw Flame
   869 | D:2      | Learned a level 3 spell: Conjure Flame
  1307 | D:3      | Reached skill level 2 in Conjurations
  1652 | D:3      | Reached XP level 4. HP: 18/27 MP: 0/7
  2079 | D:3      | Found a bloodstained altar of Trog.
  2079 | D:3      | Found a blossoming altar of Fedhas.
  2081 | D:3      | Reached skill level 4 in Fire Magic
  2146 | D:3      | Found a faded altar of an unknown god.
  2205 | D:3      | Reached skill level 3 in Conjurations
  2205 | D:3      | Reached XP level 5. HP: 3/31 MP: 4/9
  2344 | D:4      | Noticed an ogre
  2653 | D:4      | Found a shadowy altar of Dithmenos.
  2736 | D:4      | Reached skill level 3 in Spellcasting
  2830 | D:4      | Found a sparkling altar of Nemelex Xobeh.
  2974 | D:4      | Learned a level 4 spell: Sticky Flame
  2996 | D:4      | Reached XP level 6. HP: 36/36 MP: 3/10
  3224 | D:4      | Slain by an orc

Vanquished Creatures
  2 hounds (D:4)
  A worker ant (D:4)
  2 orc wizards
  2 gnolls (D:4)
  4 adders
  3 worms
  3 dart slugs
  2 leopard geckos (D:3)
  6 orcs
  A ball python (D:2)
  2 giant cockroaches
  5 hobgoblins
  2 quokkas
  4 bats
  4 frilled lizards
  3 goblins
  8 kobolds
  3 rats
57 creatures vanquished.
